Unix NetHack Version 3.7.0-71 Work-in-progress - last build Jan 31 2023 02:41:03 (7ba98a1283f2b7cec35fde026edb48fc825ab8ae,branch:master). Game began 2023-02-06 22:34:29, ended 2023-02-06 23:00:52. Kontroller, lawful male human Knight ------ -------- |....---..d@|<| |..`....``h-|^| |.`.`.|``..||^| |.....|....||^| |----`------|^| |......| |^| |......------^| |...````^^^^..| |......-----..| -------- ---- Kontroller the Esquire St:13 Dx:10 Co:13 In:8 Wi:14 Ch:18 Lawful S:1024 Dlvl:5 $:124 HP:0(32) Pw:22(22) AC:1 Xp:4/150 T:2535 Burdened Latest messages: You miss the dog. The dog bites! The dog bites! You hit the dog. The dog bites! You hit the dog. The dog bites! The dog bites! The dog bites! Are you sure you want to pray? [yn] (n) y You begin praying to Lugh. You are surrounded by a shimmering light. The dog starts to attack you, but pulls back. The dog starts to attack you, but pulls back. The dog starts to attack you, but pulls back. The dog starts to attack you, but pulls back. The dog starts to attack you, but pulls back. You finish your prayer. You feel that Lugh is well-pleased. You feel much better. The hobbit throws a dagger! The dagger hits the dog! The dog misses! You miss the dog. The dog bites! You hit the dog. The dog misses! The dog misses! You miss the dog. The dog bites! The hobbit misses! The dog bites! You miss the dog. The dog bites! You miss the dog. The dog bites! The dog misses! You hit the dog. The hobbit hits! The dog bites! The hobbit hits! The dog bites! You miss the dog. The hobbit hits! The dog misses! You miss the dog. The hobbit hits! You die... Do you want your possessions identified? [ynq] (y) y Do you want to see your attributes? [ynq] (y) q Inventory: Coins $ - 124 gold pieces Weapons a - a +1 long sword (alternate weapon; not wielded) b - a corroded +1 lance (weapon in hand) Armor d - an uncursed +0 helmet (being worn) f - a blessed +0 pair of leather gloves (being worn) e - an uncursed +0 small shield (being worn) P - an uncursed +0 T-shirt with text "Protection Racketeer" u - a blessed +0 banded mail (being worn) Comestibles h - 10 uncursed carrots F - an uncursed cram ration J - an uncursed eucalyptus leaf Scrolls x - an uncursed scroll of identify k - a cursed scroll of light Q - a cursed scroll of magic mapping N - an uncursed scroll of remove curse G - an uncursed scroll of teleportation Spellbooks s - an uncursed spellbook of magic missile Potions O - an uncursed potion of blindness r - an uncursed potion of enlightenment n - a cursed potion of gain ability t - an uncursed potion of gain level B - an uncursed potion of oil Rings L - a cursed ring of hunger S - an uncursed ring of invisibility Wands T - a wand of make invisible (0:4) Tools M - a blessed magic lamp (lit) Gems/Stones C - an uncursed jet stone v - an uncursed worthless piece of white glass Kontroller the Knight's attributes: Background: You were an Esquire, a level 4 male human Knight. You were lawful, on a mission for Lugh who was opposed by Brigit (neutral) and Manannan Mac Lir (chaotic). You were in Sokoban, on level 5. You entered the dungeon 2535 turns ago. It was nighttime. There was a full moon in effect when your adventure ended. You had 150 experience points, 10 more were needed to attain level 5. Your score was 1024 before end-of-game adjustments. Basics: You had 0 out of 32 hit points. You had all 22 energy points (spell power). Your armor class was 1. Your wallet contained 124 zorkmids. Autopickup was off. Final Characteristics: Your strength was 13 (limit:18/100). Your dexterity was 10 (limit:18). Your constitution was 13 (limit:18). Your intelligence was 8 (limit:18). Your wisdom was 14 (limit:18). Your charisma was 18 (limit:18). Final Status: You were not hungry. You were burdened; movement was slightly slowed. You were wielding a lance. You had basic skill with lance. Final Attributes: You were devoutly aligned. You were telepathic. You could jump. You were warded. You were lucky. You are dead. Miscellaneous: You encountered 1 bones level. Total elapsed playing time was 26 minutes and 23 seconds. Major events: Turn 1: Kontroller the lawful male human Knight entered the dungeon 1326: attained the rank of Esquire (level 3) 1644: entered the Gnomish Mines 2067: entered Sokoban 2535: killed by a hobbit Vanquished creatures: a rock mole a pony a black naga hatchling an elf zombie a baby crocodile 2 floating eyes a hill orc a rothe an iguana an acid blob a yellow mold 2 garter snakes 2 geckos 4 jackals 2 goblins 5 sewer rats 2 grid bugs a bat 7 lichens a kobold zombie 5 newts 43 creatures vanquished. No species were genocided or became extinct. Voluntary challenges: You read items or engraved 3 times. You never engraved Elbereth. You never genocided any monsters. You never polymorphed an object. You never changed form. You used no wishes. You did not violate any of the special Sokoban rules. Achievements: You entered a shop. You attained the rank of Esquire. You entered the Gnomish Mines. You entered Sokoban. The Dungeons of Doom: levels 1 to 7 Level 1: An altar. Level 2: A potion shop. Level 3: Level 4: An armor shop. Stairs down to The Gnomish Mines. Level 5: Many fountains. Level 6: "saddle" Stairs up to Sokoban, level 5. Level 7: A fountain, a grave. Final resting place for peterg-Mon-Hum-Mal-Law, killed by a plains centaur, while fainted from lack of food. The Gnomish Mines: Level 5: Sokoban: Level 5: <- You were here. Unsolved. Final resting place for you, killed by a hobbit. Game over: ---------- / \ / REST \ / IN \ / PEACE \ / \ | Kontroller | | 124 Au | | killed by a | | hobbit | | | | | | 2023 | *| * * * | * _________)/\\_//(\/(/\)/\//\/|_)_______ Fare thee well Kontroller the Knight... You died in Sokoban on dungeon level 5 with 1012 points, and 124 pieces of gold, after 2535 moves. You were level 4 with a maximum of 32 hit points when you died.